 Dungeon Crawl Stone Soup version 0.31-a0-986-g5e6e4ef867 (webtiles) character file.

Game seed: 2242336035380803658

106 Persephone the Chopper (level 4, -3/28 HPs)
             Began as a Gargoyle Fighter on Nov 13, 2023.
             Slain by a gnoll
             ... wielding a +0 spear
              (4 damage)
             ... on level 3 of the Dungeon.
             The game lasted 00:02:07 (1286 turns).

Persephone the Chopper (Gargoyle Fighter)           Turns: 1286, Time: 00:02:08

Health: -3/28      AC: 11    Str: 20    XL:     4   Next: 84%
Magic:  4/4        EV:  9    Int:  8    God:
Gold:   31         SH:  4    Dex: 11    Spells: 3/3 levels left

rFire   . . .        a - +0 war axe
rCold   . . .        c - +0 buckler
rNeg    + . .        b - +0 scale mail
rPois   ∞            (no helmet)
rElec   +            j - +0 cloak
rCorr   .            (no gloves)
SInv    .            (no boots)
Will    .....        (no amulet) Stlth
                     (no ring)
HPRegen 0.24/turn    (no ring)
MPRegen 0.09/turn

%: no passive effects
@: mighty
A: sickness immunity, AC +3, negative energy resistance 1, electricity
resistance, torment resistance 1, petrification resistance
a: no special abilities


You were on level 3 of the Dungeon.
You visited 1 branch of the dungeon, and saw 3 of its levels.

You collected 31 gold pieces.

Inventory:

Hand Weapons
 a - a +0 war axe (weapon)
Armour
 b - a +0 scale mail (worn)
 c - a +0 buckler (worn)
 j - a +0 cloak (worn)
Scrolls
 e - a scroll of blinking {unknown}
 g - a scroll of vulnerability {unknown}
 h - a scroll of poison {unknown}
 i - a scroll of revelation {unknown}
 k - a scroll of fog {unknown}
 l - a scroll of amnesia {unknown}
 n - a scroll of silence {unknown}
 o - a scroll of immolation {unknown}
Potions
 d - a potion of might
 f - a potion of invisibility {unknown}
 m - a potion of curing {unknown}


   Skills:
 - Level 3.2 Fighting
 + Level 4.4 Axes
 - Level 3.2 Armour
 - Level 3.2 Shields


You had 3 spell levels left.
You didn't know any spells.
Your spell library contained the following spells:

 Spells                   Type           Power      Damage    Failure   Level
 Summon Small Mammal      Summ           0%         N/A       83%         1
 Call Canine Familiar     Summ           0%         N/A       99%         3
 Summon Guardian Golem    Hex/Summ       0%         N/A       99%         3


Dungeon Overview and Level Annotations

Branches:
Dungeon (3/15)

Altars:

Shops:
D:2 (


Innate Abilities, Weirdness & Mutations

You are immune to sickness and miasma.
Your stone body is resilient. (AC +3)
You are immune to poison.
You resist negative energy. (rN+)
You are resistant to electric shocks. (rElec)
You are resistant to unholy torment.
You are immune to petrification.


Message History

A gnoll comes into view. It is wielding a +0 spear.
The gnoll shouts!
You hear a shout!
A gnoll comes into view. It is wielding a +0 spear.
You hear a shout!
Auto kill stopped - Too dangerous: Extremely Dangerous (0) Dangerous (2) Easy (0) Harmless (0) 2 gnolls come into view.
A gnoll is wielding a +0 halberd.
The gnoll shouts! x2
The gnoll hits you but does no damage. The gnoll hits you but does no damage.
The gnoll closely misses you.
There is a stone staircase leading down here.
You hit the gnoll.
The gnoll is moderately wounded.
You block the gnoll's attack. x2
You hit the gnoll.
The gnoll is severely wounded.
The gnoll hits you but does no damage. x2
You hit the gnoll.
The gnoll is almost dead.
The gnoll hits you from afar with a +0 spear.
The gnoll hits you with a +0 spear. The gnoll hits you but does no damage.
The gnoll hits you from afar with a +0 spear.
The gnoll hits you but does no damage. You block the gnoll's attack.
You slash the gnoll!
You kill the gnoll!
The gnoll hits you but does no damage.
The gnoll hits you from afar with a +0 halberd.
The gnoll hits you but does no damage.
You feel very mighty all of a sudden. The gnoll closely misses you.
You block the gnoll's attack. The gnoll hits you but does no damage.
The gnoll hits you with a +0 spear. You block the gnoll's attack.
The gnoll closely misses you.
You closely miss the gnoll. You slash the gnoll! x2
The gnoll hits you with a +0 spear. You block the gnoll's attack.
The gnoll closely misses you.
You barely miss the gnoll. x3; The gnoll barely misses you.
The gnoll hits you with a +0 halberd!
* * * LOW HITPOINT WARNING * * *
You block the gnoll's attack. The gnoll hits you with a +0 spear.
You die...

##.# .. #..#
##.# ## #.##
... )# #.#
#..##.# #.#
###...#.#
#.#
#.......#
#.#
###.#.g.g.#
#.#
......g@).#
#.#
.#####.#>##
#.# #.#.#
#.# #.#.##
#.# ..#..#
#.#
#.###.####.#
##.........#
#.###.######
#.#


You could see 3 gnolls.

Vanquished Creatures
  An orc priest (D:3)
  A gnoll (D:3)
  A dart slug (D:1)
  4 orcs (D:3)
  9 ball pythons
  3 bats
  5 endoplasms
  5 giant cockroaches
  4 goblins
  5 hobgoblins
  7 jackals
  A quokka (D:1)
  A frilled lizard (D:1)
  3 kobolds
  4 rats (D:1)
54 creatures vanquished.

Notes
Turn   | Place    | Note
-------+----------+-------------------------------------------
     0 | D:1      | Persephone the Gargoyle Fighter began the quest for the
                  | Orb.
     0 | D:1      | Reached XP level 1. HP: 14/14 MP: 1/1
    43 | D:1      | Reached skill level 2 in Axes
    49 | D:1      | Reached XP level 2. HP: 14/19 MP: 2/2
   237 | D:1      | Reached skill level 3 in Axes
   240 | D:1      | Reached XP level 3. HP: 23/23 MP: 3/3
   814 | D:2      | Found Zasyb's Antique Weapon Shoppe.
  1024 | D:2      | Found a faded altar of an unknown god.
  1102 | D:3      | Reached skill level 4 in Axes
  1102 | D:3      | Reached XP level 4. HP: 16/28 MP: 4/4
  1286 | D:3      | HP: 1/28 [gnoll/+0 halberd (10)]
  1286 | D:3      | Slain by a gnoll

Illustrated notes

Levels and vault maps discovered:
D:1:      minmay_arrival_solitary_statue, layout_loops_ring,
          minmay_misc_feat_cross, kennysheep_decorative_pillar,
          chequers_mini_garden
D:2:      layout_rooms, shapermc_ecumenical_altar_pompeii, serial_shops, shop
D:3:      layout_loops_ring, kennysheep_donut

Skill      XL: |  1  2  3 |
---------------+----------+-----
Axes           | 2 3 4 |  4.4
Fighting       | |  3.2
Armour         | |  3.2
Shields        | |  3.2

Action                     |  1- 3 |  4- 6 || total
---------------------------+-------+-------++-------
  Melee: War axe           |   107 |    31 ||   138
    Use: Potion            |       |     1 ||     1
 Armour: Scale mail        |    75 |    31 ||   106
  Dodge: Dodged            |    62 |    18 ||    80
  Block: Buckler           |    28 |    11 ||    39

Table legend: (Time is in decaauts)
 A = Elapsed time spent in this place.
 B = Non-inter-level travel time spent in this place.
 C = Inter-level travel time spent in this place.
 D = Time resting spent in this place.
 E = Time spent auto-exploring this place.
 F = Levels seen in this place.
 G = Mean time per level.
                   A        B        C        D        E       F      G
               +--------+--------+--------+--------+--------+-----+--------+
         Total |   1335 |   1268 |     67 |      0 |    946 |   3 |  445.0 |
       Dungeon |   1335 |   1268 |     67 |      0 |    946 |   3 |  445.0 |
               +--------+--------+--------+--------+--------+-----+--------+

Top non-repeatable levels by time:
     D:1: 675 daAuts
     D:2: 436 daAuts
     D:3: 223 daAuts
